 Dungeon Crawl Stone Soup version 0.28-a0-317-g21599a725c (webtiles) character file.

Game seed: 17500422502771903199

116 Majang the Sneak (level 4, 0/27 HPs)
             Began as a Vampire Delver on Sept 1, 2021.
             Slain by a black bear (6 damage)
             ... on level 4 of the Dungeon.
             The game lasted 00:10:32 (3142 turns).

Majang the Sneak (Vampire Delver)                   Turns: 3142, Time: 00:10:33

Health: 0/27       AC:  7    Str: 12    XL:     4   Next: 69%
Magic:  4/4        EV: 11    Int: 12    God:
Gold:   79         SH:  0    Dex: 15    Spells: 3/3 levels left

rFire   . . .      SeeInvis +   a - +0 falchion
rCold   + + .      Faith    .   (no shield)
rNeg    + + +      Spirit   .   o - +0 ring mail
rPois   ∞          Reflect  .   (no helmet)
rElec   .          Harm     .   (no cloak)
rCorr   .          Rampage  .   j - +0 pair of gloves
Will    .....                   m - +0 pair of boots
Stlth   +++++.....              (no amulet)
HPRegen 0.00/turn               (no ring)
MPRegen 0.09/turn               (no ring)

@: bloodless, inhibited regen, hasted, very quick
A: bloodless, fangs 3, see invisible, vampiric 2
a: Bat Form, Revivify


You were on level 4 of the Dungeon.
You visited 1 branch of the dungeon, and saw 5 of its levels.

You collected 79 gold pieces.

Inventory:

Hand Weapons
 a - a +0 falchion (weapon)
 b - a +1 dagger of venom
Armour
 j - a +0 pair of gloves (worn)
 m - a +0 pair of boots (worn)
 o - a +0 ring mail (worn)
 q - a +0 leather armour
Wands
 g - a wand of digging (3)
Scrolls
 c - 2 scrolls of fog
 d - a scroll of magic mapping
 e - a scroll of fear
 h - 4 scrolls of teleportation {unknown}
 k - a scroll of vulnerability {unknown}
 l - 2 scrolls of identify {unknown}
 p - a scroll of torment {unknown}
 s - a scroll of noise {unknown}
 t - a scroll of enchant weapon {unknown}
Potions
 f - a potion of haste
 i - a potion of degeneration {unknown}
 n - a potion of lignification {unknown}
 r - 2 potions of resistance {unknown}
 u - a potion of might {unknown}
 v - 2 potions of curing {unknown}


   Skills:
 + Level 2.6 Fighting
 * Level 5.0 Long Blades
 + Level 0.0 Armour
 + Level 2.2 Dodging
 + Level 7.2 Stealth
 + Level 0.0 Evocations


You had 3 spell levels left.
You didn't know any spells.
Your spell library contained the following spells:

 Spells                   Type           Power      Damage    Failure   Level
 Summon Small Mammal      Summ           0%         N/A       58%         1
 Passwall                 Tmut/Erth      0%         N/A       75%         2
 Call Canine Familiar     Summ           0%         N/A       92%         3
 Summon Guardian Golem    Hex/Summ       0%         N/A       92%         3
 Swiftness                Air            0%         N/A       92%         3
 Invisibility             Hex            0%         N/A       100%        6


Dungeon Overview and Level Annotations

Branches:
Dungeon (5/15)
 Temple: D:4-7

Altars:


Innate Abilities, Weirdness & Mutations

You do not regenerate when monsters are visible.
You are frail without blood (-20% HP).
You can heal yourself when you bite living creatures.
You are immune to poison.
You have razor-sharp teeth.
You have supernaturally acute eyesight. (SInv)
You are afflicted with vampirism and can become a bat while bloodless.


Message History

The black bear bites you but does no damage.
The black bear claws you but does no damage.
The black bear barely misses you. The black bear bites you.
The black bear claws you but does no damage.
The black bear claws you.
You barely miss the black bear.
The black bear is heavily wounded.
The black bear bites you. The black bear claws you.
The black bear barely misses you.
You barely miss the black bear.
The black bear is heavily wounded.
The black bear closely misses you. The black bear claws you.
The black bear barely misses you.
You closely miss the black bear.
The black bear is heavily wounded.
The black bear bites you but does no damage.
The black bear closely misses you. The black bear claws you.
You hit the black bear.
The black bear is heavily wounded.
The black bear bites you.
* * * LOW HITPOINT WARNING * * *
The black bear barely misses you.
The black bear claws you but does no damage.
You hit the black bear but do no damage.
The black bear is heavily wounded.
The black bear bites you.
* * * LOW HITPOINT WARNING * * *
The black bear claws you but does no damage. x2
Your ring mail prevents you from hitting the black bear.
The black bear is heavily wounded.
The black bear barely misses you. The black bear closely misses you.
The black bear barely misses you.
You slash the black bear!
The black bear is severely wounded.
The black bear goes berserk!
You feel yourself speed up. The black bear barely misses you.
The black bear closely misses you. x3; The black bear claws you.
* * * LOW HITPOINT WARNING * * *
The black bear claws you.
You die...

##..## ##..## ? ##..##
.. ##..####### ...
##..##.....# ....
##..#.......# .....
#####...........#
......##...............#
......h@.####...........
......######............
..... #....<........
.... #..()....).... ...
#............# ..
#............# .
##...........#
##.........##
##......###


You could see a black bear (berserk).

Vanquished Creatures
  3 adders
  A worm (D:2)
  2 dart slugs (D:3)
  4 orcs
  4 bats
  6 endoplasms
  3 giant cockroaches
  7 goblins
  8 hobgoblins
  A jackal (D:2)
  2 kobolds (D:3)
  5 quokkas
  9 ball pythons
  9 frilled lizards
  6 rats
70 creatures vanquished.

Vanquished Creatures (others)
  A plant (D:3)
1 creature vanquished.

Grand Total: 71 creatures vanquished

Notes
Turn   | Place    | Note
-------+----------+-------------------------------------------
     0 | D:5      | Majang the Vampire Delver began the quest for the Orb.
     0 | D:5      | Reached XP level 1. HP: 17/17 MP: 1/1
   264 | D:1      | Reached XP level 2. HP: 18/18 MP: 2/2
   561 | D:1      | Found a faded altar of an unknown god.
   923 | D:2      | Gained mutation: You are afflicted with vampirism and can
                  | become a bat while bloodless. [Vampire growth]
   923 | D:2      | Reached XP level 3. HP: 22/22 MP: 3/3
  1657 | D:2      | Reached XP level 4. HP: 27/27 MP: 4/4
  2785 | D:3      | Reached skill level 5 in Long Blades
  3126 | D:4      | Noticed a black bear
  3142 | D:4      | Slain by a black bear

Illustrated notes

Levels and vault maps discovered:
D:1:      wander_arrival_abandoned_jail, layout_loops_ring,
          dilly_ecumenical_altar_fadedgnrine
D:2:      minmay_razor_zed, layout_loops_ring, minmay_tree_intersection
D:3:      wander_river, layout_loops_ring, serial_bayou, serial_bayou_ford_a,
          serial_bayou_lake_a, serial_bayou_pond_b, serial_bayou_crossing
D:4:      layout_cave_pods, kennysheep_small_circle
D:5:      layout_rooms, minmay_temple_entry_enclosed_plants,
          portal_sewer_entry_f

Skill      XL: |  1  2  3  4 |
---------------+-------------+-----
Long Blades    | 3 4 5 |  5.0
Fighting       | |  2.6
Dodging        | |  2.2
Stealth        | |  7.2

Action                   |  1- 3 |  4- 6 || total
-------------------------+-------+-------++-------
Melee: Falchion          |   101 |    88 ||   189
       Bite              |     7 |     6 ||    13
       Dagger            |     2 |     9 ||    11
 Abil: Exsanguinate      |     1 |       ||     1
  Use: Potion            |       |     1 ||     1
 Stab: Sleeping          |    13 |     9 ||    22
Armor: Leather armour    |     7 |       ||     7
       Ring mail         |    27 |    30 ||    57
Dodge: Dodged            |    58 |    80 ||   138

Table legend: (Time is in decaauts)
 A = Elapsed time spent in this place.
 B = Non-inter-level travel time spent in this place.
 C = Inter-level travel time spent in this place.
 D = Time resting spent in this place.
 E = Time spent auto-exploring this place.
 F = Levels seen in this place.
 G = Mean time per level.
                   A        B        C        D        E       F      G
               +--------+--------+--------+--------+--------+-----+--------+
         Total |   3240 |   3157 |     83 |    526 |   1696 |   5 |  648.0 |
       Dungeon |   3240 |   3157 |     83 |    526 |   1696 |   5 |  648.0 |
               +--------+--------+--------+--------+--------+-----+--------+

Top non-repeatable levels by time:
     D:2: 1440 daAuts
     D:3: 990 daAuts
     D:1: 565 daAuts
     D:4: 225 daAuts
     D:5: 19 daAuts
